 Dungeon Crawl Stone Soup version 0.28-a0-445-g51f8dfeb47 (webtiles) character file.

Game seed: 16644852167114331680

74 GenialerGandalf the Chopper (level 4, 0/40 HPs)
             Began as a Hill Orc Fighter on Sept 13, 2021.
             Slain by a gnoll (9 damage)
             ... on level 3 of the Dungeon.
             The game lasted 00:04:18 (1852 turns).

GenialerGandalf the Chopper (Hill Orc Fighter)      Turns: 1852, Time: 00:04:19

Health: 0/40       AC: 10    Str: 19    XL:     4   Next: 30%
Magic:  4/4        EV:  9    Int:  8    God:
Gold:   47         SH:  4    Dex: 10    Spells: 3/3 levels left

rFire   . . .      SeeInvis .   a - +0 war axe
rCold   . . .      Faith    .   c - +0 buckler
rNeg    . . .      Spirit   .   b - +0 scale mail
rPois   .          Reflect  .   j - +0 helmet
rElec   .          Harm     .   (no cloak)
rCorr   .          Rampage  .   (no gloves)
Will    .....                   e - +1 pair of boots
Stlth   ..........              (no amulet)
HPRegen 0.13/turn               (no ring)
MPRegen 0.09/turn               (no ring)

@: slowed, very slow
A: no striking features
a: no special abilities


You were on level 3 of the Dungeon.
You visited 1 branch of the dungeon, and saw 3 of its levels.

You collected 47 gold pieces.

Inventory:

Hand Weapons
 a - a +0 war axe (weapon)
Armour
 b - a +0 scale mail (worn)
 c - a +0 buckler (worn)
 e - a +1 pair of boots (worn)
 j - a +0 helmet (worn)
Scrolls
 f - 2 scrolls of identify {unknown}
 h - a scroll of teleportation {unknown}
Potions
 d - a potion of might
 g - a potion of curing {unknown}
 i - a potion of flight {unknown}


   Skills:
 + Level 4.0 Fighting
 + Level 4.1 Axes
 + Level 3.8 Armour
 * Level 0.7 Dodging
 + Level 3.6 Shields
 * Level 0.2 Spellcasting


You had 3 spell levels left.
You didn't know any spells.
Your spell library contained the following spells:

 Spells                   Type           Power      Damage    Failure   Level
 Gell's Gravitas          Tloc           0%         N/A       98%         3
 Lesser Beckoning         Tloc           0%         N/A       98%         3
 Teleport Other           Tloc           0%         N/A       98%         3


Dungeon Overview and Level Annotations

Branches:
Dungeon (3/15)

Altars:

Annotations:
D:3 Natasha


Message History

A gnoll comes into view. It is wielding a +0 halberd.
You hit the shadow imp.
The shadow imp is moderately wounded.
The shadow imp gestures at you. Pain shoots through your body!
The shadow imp shouts, "Slither hence, thou spongy fob-snatching fustilarian!"
The shadow imp hits you but does no damage.
You closely miss the shadow imp.
The shadow imp is moderately wounded.
You hit Natasha but do no damage. Natasha claws you but does no damage.
You block the shadow imp's attack.
A gnoll comes into view. It is wielding a +0 flail.
Natasha casts a spell at you.
You feel yourself slow down.
You closely miss the shadow imp.
The shadow imp is moderately wounded.
You barely miss Natasha.
The gnoll shouts!
The shadow imp barely misses you. Natasha barely misses you.
A gnoll comes into view. It is wielding a +0 club.
The shadow imp hits you.
Natasha mumbles some strange words.
The gnoll shouts!
You block the shadow imp's attack. You block the gnoll's attack.
Natasha wildly gestures.
You feel disoriented. Natasha claws you but does no damage.
A quokka comes into view.
The gnoll hits you from afar with a +0 halberd!
Natasha barely misses you. The shadow imp hits you.
* * * LOW HITPOINT WARNING * * *
The gnoll closely misses you. Natasha barely misses you.
The shadow imp hits you but does no damage. x2
You see here a giant cockroach corpse.
Natasha stares at you and mumbles some strange words.
The magic dart hits you but does no damage.
The shadow imp barely misses you. The shadow imp hits you.
* * * LOW HITPOINT WARNING * * *
The gnoll closely misses you. The gnoll hits you with a +0 flail!
You die...

#..........
#..........
#..........
#..........
##..........
#....)......
#.#..g.....#
#..h55......
##.@g..r....
#<.g.......
#..........
#..........
##.........
##......#.
...##....
.... ..##
.... ..


You could see Natasha, 3 gnolls, 2 shadow imps and a quokka.

Vanquished Creatures
  Robin (D:2)
  An adder (D:2)
  A worm (D:2)
  6 ball pythons
  5 bats
  4 endoplasms
  3 giant cockroaches
  9 goblins
  5 hobgoblins
  2 quokkas
  A frilled lizard (D:2)
  3 kobolds
  5 rats
46 creatures vanquished.

Notes
Turn   | Place    | Note
-------+----------+-------------------------------------------
     0 | D:1      | GenialerGandalf the Hill Orc Fighter began the quest for
                  | the Orb.
     0 | D:1      | Reached XP level 1. HP: 19/19 MP: 1/1
   165 | D:1      | Reached XP level 2. HP: 23/27 MP: 2/2
   498 | D:1      | Found a faded altar of an unknown god.
   893 | D:2      | Reached XP level 3. HP: 32/33 MP: 3/3
  1124 | D:2      | Noticed Robin
  1128 | D:2      | Killed Robin
  1144 | D:2      | Reached XP level 4. HP: 38/40 MP: 4/4
  1840 | D:3      | Noticed Natasha
  1852 | D:3      | Slain by a gnoll

Illustrated notes

Levels and vault maps discovered:
D:1:      minmay_arrival_open_corners, layout_rooms,
          hellmonk_ecumenical_altar_lost_god, minmay_misc_feat_tiny
D:2:      layout_loops_corners, uniq_robin
D:3:      layout_rooms, minmay_box_of_dots, uniq_natasha, uniq_terence

Skill      XL: |  1  2  3  4 |
---------------+-------------+-----
Axes           | 3 4 |  4.1
Fighting       | 4 |  4.0
Armour         | |  3.8
Dodging        | |  0.7
Shields        | |  3.6
Spellcasting   | |  0.2

Action                   |  1- 3 |  4- 6 || total
-------------------------+-------+-------++-------
Melee: War axe           |    94 |    47 ||   141
Armor: Scale mail        |   116 |    30 ||   146
Dodge: Dodged            |   120 |    31 ||   151
Block: Buckler           |    44 |    12 ||    56

Table legend: (Time is in decaauts)
 A = Elapsed time spent in this place.
 B = Non-inter-level travel time spent in this place.
 C = Inter-level travel time spent in this place.
 D = Time resting spent in this place.
 E = Time spent auto-exploring this place.
 F = Levels seen in this place.
 G = Mean time per level.
                   A        B        C        D        E       F      G
               +--------+--------+--------+--------+--------+-----+--------+
         Total |   1902 |   1902 |      0 |      0 |    975 |   3 |  634.0 |
       Dungeon |   1902 |   1902 |      0 |      0 |    975 |   3 |  634.0 |
               +--------+--------+--------+--------+--------+-----+--------+

Top non-repeatable levels by time:
     D:2: 1061 daAuts
     D:1: 819 daAuts
     D:3: 21 daAuts
